Map: Sludge City

Players

Dreamer - Winner!

  • Race: Terran Terran
  • Spawn Location: 9:00

llllllllllll - Winner!

  • Race: Terran Terran
  • Spawn Location: 11:00

Sesh

  • Race: Terran Terran
  • League: Grandmaster
  • Spawn Location: 5:00

Ohm

  • Race: Terran Terran
  • Spawn Location: 5:00

VOD

Have the link to the VOD?

Description

Time

  • Played on: April 2, 2017, 3:45 a.m.
  • Length: 14:47
Show
View Real Time Build Order
Export as new Build Order

Dreamer Terran - Winner!

Build Orders:  

Get SALT Encoding   

  12  0:22  SCV  
  12  0:28  Supply Depot  
  13  0:34  SCV  
  14  0:36  Refinery  
  14  0:46  SCV  
  15  0:51  Barracks  
  15  0:58  SCV  
  15  1:03  Barracks  
  16  1:10  SCV  
  17  1:17  Barracks  
  17  1:23  SCV  
  18  1:27  Refinery  
  18  1:39  Reaper  
  19  1:40  Orbital Command  
  19  1:51  Reaper  
  20  2:04  Reaper  
  21  2:09  SCV  
  21  2:11  Reaper  
  23  2:21  SCV  
  24  2:23  Reaper  
  25  2:34  Command Center  
  25  2:36  Reaper  
  26  2:42  SCV  
  26  2:43  Reaper  
  28  2:49  Supply Depot  
  28  2:55  Reaper  
  28  3:08  Reaper  
  28  3:09  SCV  
  30  3:15  Reaper  
  30  3:19  Barracks  
  31  3:24  Barracks  
  31  3:26  SCV  
  32  3:27  Reaper  
  33  3:38  SCV  
  33  3:40  Reaper  
  35  3:48  Reaper, Orbital Command  
  36  3:50  SCV  
  37  3:57  Command Center  
  37  3:59  Reaper  
  38  4:07  Engineering Bay  
  38  4:22  Marine x2  
  38  4:30  SCV  
  38  4:31  Marine  
  37  4:40  Marine  
  37  4:41  Missile Turret x2  
  37  4:49  Marine  
  36  4:53  SCV  
  36  4:55  Barracks Tech Lab  
  36  4:56  SCV  
  36  4:58  Marine  
  36  4:59  Factory  
  37  5:04  Terran Infantry Weapons Level 1  
  37  5:05  Factory, SCV  
  37  5:07  Marine  
  38  5:08  SCV  
  38  5:14  Orbital Command, Missile Turret  
  40  5:16  Marine  
  40  5:17  SCV  
  40  5:18  Stimpack  
  40  5:20  SCV  
  43  5:23  Marine  
  43  5:24  Marine  
  45  5:29  SCV  
  45  5:32  SCV  
  45  5:34  Marine  
  48  5:41  SCV, Marine  
  48  5:42  Marine  
  50  5:43  SCV  
  50  5:44  Factory Reactor, SCV  
  50  5:45  Starport  
  51  5:51  Marine  
  51  5:54  SCV  
  51  5:55  SCV  
  51  5:56  SCV  
  53  5:58  Factory Reactor, Marine  
  53  6:00  Marine  
  53  6:01  Refinery  
  53  6:02  Refinery  
  55  6:05  Engineering Bay  
  55  6:06  SCV  
  55  6:07  SCV  
  55  6:08  SCV  
  55  6:09  Marine  
  55  6:10  Barracks  
  59  6:18  SCV  
  60  6:19  SCV, Marine x2, Barracks  
  60  6:20  SCV  
  64  6:25  Factory Tech Lab  
  64  6:30  SCV  
  64  6:31  SCV  
  66  6:33  Marine  
  66  6:34  Medivac  
  66  6:35  Factory Tech Lab  
  69  6:40  Orbital Command  
  69  6:41  Medivac, Marine, Supply Depot  
  69  6:42  Supply Depot x2  
  69  6:45  Marine  
  73  6:48  Supply Depot  
  73  6:50  Armory  
  73  6:51  Marine  
  73  6:53  SCV  
  75  6:55  Terran Infantry Armor Level 1  
  75  6:59  Marine  
  75  7:01  SCV  
  76  7:06  Barracks Reactor  
  75  7:08  SCV  
  75  7:09  Barracks Reactor  
  75  7:11  SCV  
  75  7:13  Medivac x2  
  81  7:18  Marine  
  81  7:20  Marine x2  
  81  7:21  SCV  
  85  7:28  Missile Turret  
  85  7:30  SCV x2  
  85  7:33  SCV  
  85  7:35  Missile Turret  
  88  7:42  SCV  
  88  7:43  Terran Infantry Weapons Level 2  
  89  7:44  Marine  
  89  7:46  SCV  
  89  7:47  SCV  
  89  7:48  Marine  
  93  7:54  Marine  
  93  7:55  Marine  
  93  7:57  Siege Tank  
  98  8:04  Marine x3  
  94  8:09  Marine x2  
  94  8:12  Marine x2  
  91  8:18  Medivac x2  
  92  8:22  Marine x3  
  93  8:27  Marine x2  
  93  8:30  Siege Tank, Marine x2  
  93  8:31  SCV  
  99  8:38  SCV  
  99  8:39  Marine  
  99  8:40  Marine  
  93  8:43  Marine  
  93  8:44  Marine  
  93  8:45  Marine  
  93  8:46  SCV  
  93  8:48  Marine  
  98  8:51  Terran Infantry Armor Level 2  
  98  8:59  Medivac, Marine x2  
  98  9:00  Medivac  
  98  9:01  Terran Vehicle Weapons Level 1  
  104  9:03  Siege Tank  
  100  9:11  Marine  
  89  9:25  Marine  
  90  9:35  Command Center  
  90  9:40  Marine x2  
  90  9:43  Medivac  
  94  10:30  Marine x2  
  94  10:32  SCV, Marine x3  
  94  10:33  SCV, Marine x2  
  94  10:34  Medivac  
  75  10:48  Marine x2  
  74  10:50  Marine x3  
  74  10:51  Marine x2  
  79  11:05  Marine  
  79  11:06  Marine  
  79  11:08  Marine x3  
  79  11:11  Marine x2  
  83  11:23  Marine  
  83  11:24  Marine  
  84  11:26  Marine x3  
  87  11:37  Marine x2  
  87  11:41  Marine  
  86  11:57  Marine x2  
  86  11:58  Medivac, Marine, Widow Mine  
  89  12:13  Planetary Fortress  
  87  12:21  Marine x2  
  87  12:41  Marine x5  
  87  12:42  Medivac x2  
  90  12:51  Orbital Command  
  90  13:04  Marine  
  91  13:10  Marine x2  
  91  13:12  Marine  
  84  13:16  Marine  
  81  13:22  Marine x3  
  81  13:23  Siege Tank, Medivac  
  83  13:36  Marine x2  
  83  13:37  Marine x2  
  83  13:40  Marine x2  
  88  13:44  Marine  
  89  13:54  Marine x3, Medivac  
  89  13:55  SCV x3, Marine  
  95  13:58  Marine x2  
  95  13:59  Siege Tank  
  95  14:02  Siege Tank  
  99  14:05  Marine  
  100  14:18  SCV x2, Marine  
  100  14:19  Marine x3  
  106  14:25  Marine  
  106  14:31  Barracks Reactor  
  109  14:39  Barracks Reactor, Supply Depot x2  
Show
View Real Time Build Order
Export as new Build Order

llllllllllll Terran - Winner!

Build Orders: Cyclone Opening, Reaper Expand, Mech 

Get SALT Encoding   

  12  0:00  SCV  
  13  0:13  SCV  
  14  0:18  Supply Depot  
  14  0:26  SCV  
  15  0:30  Refinery  
  15  0:39  SCV  
  16  0:45  Barracks  
  16  0:52  SCV  
  17  1:04  SCV  
  18  1:16  SCV  
  19  1:32  Orbital Command  
  19  1:33  Reaper  
  20  1:49  Command Center  
  20  1:59  SCV  
  21  2:04  Factory  
  21  2:08  Barracks Reactor  
  21  2:15  SCV, Refinery  
  21  2:22  Supply Depot  
  21  2:30  SCV  
  22  2:42  SCV  
  23  2:54  SCV  
  23  2:58  Cyclone  
  26  3:01  Cyclone  
  26  3:04  Orbital Command  
  29  3:06  SCV  
  30  3:17  Refinery  
  30  3:19  SCV  
  31  3:25  Starport  
  31  3:28  Barracks Tech Lab  
  31  3:30  SCV  
  31  3:31  SCV  
  33  3:35  Hellion  
  33  3:38  Hellion  
  37  3:51  SCV x2  
  39  3:56  Hellion  
  39  4:00  Hellion  
  43  4:03  SCV  
  44  4:12  Engineering Bay  
  44  4:19  Raven  
  44  4:23  Hellion  
  46  4:38  Command Center  
  46  4:47  SCV x2  
  46  4:56  Supply Depot x2  
  46  4:57  Hellion  
  46  4:58  Supply Depot  
  46  5:06  SCV x2  
  46  5:08  Raven, Missile Turret  
  46  5:09  Missile Turret  
  45  5:18  Hellion, SCV x2, Barracks Tech Lab  
  44  5:22  Hellion  
  44  5:26  Refinery  
  46  5:30  SCV  
  47  5:35  Factory  
  47  5:36  Factory  
  47  5:39  SCV  
  48  5:43  SCV  
  49  5:51  Orbital Command  
  49  5:57  Barracks Reactor, Siege Tank  
  52  6:06  Viking  
  52  6:07  Viking  
  55  6:15  SCV x2  
  55  6:17  SCV  
  57  6:22  Factory  
  57  6:23  Supply Depot x2  
  57  6:24  Orbital Command  
  57  6:25  Armory  
  57  6:27  SCV  
  57  6:28  SCV  
  57  6:30  Factory Reactor  
  59  6:41  Siege Tank x2  
  59  6:43  Viking x2  
  69  6:52  SCV x2  
  70  7:02  SCV  
  70  7:04  SCV x2  
  73  7:09  Hellion x2  
  77  7:17  Terran Vehicle Weapons Level 1  
  77  7:18  Supply Depot, Refinery  
  77  7:20  Factory, Siege Tank x2  
  77  7:21  Hellion x2  
  87  7:23  SCV x3  
  87  7:27  Refinery  
  90  7:30  Supply Depot  
  90  7:32  Supply Depot  
  90  7:33  Hellion  
  90  7:35  Infernal Pre-Igniter, SCV x2  
  94  7:42  Supply Depot  
  94  7:50  Viking  
  96  7:52  Siege Tank  
  96  7:53  Viking  
  96  7:55  SCV  
  96  7:56  SCV  
  103  8:07  Factory Tech Lab, Siege Tank  
  106  8:20  Hellbat  
  106  8:22  Hellbat x3  
  106  8:24  Siege Tank  
  117  8:27  Supply Depot  
  116  8:39  Hellbat  
  116  8:40  Siege Tank, Orbital Command  
  112  8:41  Hellbat  
  113  8:49  SCV x2  
  113  8:52  Viking x2  
  119  8:56  Siege Tank  
  119  9:00  Siege Tank  
  119  9:01  SCV x2  
  125  9:10  SCV  
  125  9:13  SCV x2, Refinery  
  125  9:15  Refinery  
  128  9:20  Siege Tank  
  128  9:21  Hellbat x2  
  128  9:22  SCV  
  128  9:23  Viking  
  138  9:25  SCV x2  
  140  9:34  SCV  
  141  9:41  Terran Vehicle Weapons Level 2  
  141  9:42  Supply Depot  
  141  9:43  Supply Depot  
  141  9:45  Supply Depot  
  141  9:49  Supply Depot x2  
  141  9:51  Supply Depot  
  141  9:54  Siege Tank  
  141  9:56  SCV  
  141  9:57  Hellbat, SCV  
  141  9:58  Hellbat  
  141  9:59  Orbital Command  
  139  10:00  Siege Tank  
  134  10:13  Hellbat  
  119  10:25  SCV x2  
  121  10:32  Factory Tech Lab  
  121  10:33  Siege Tank  
  121  10:35  Factory  
  124  10:40  Hellbat x2  
  124  10:41  Viking  
  130  10:52  Supply Depot  
  130  10:54  Hellbat x3  
  130  10:56  Viking  
  138  11:02  Hellbat  
  138  11:05  Siege Tank  
  141  11:15  Siege Tank  
  142  11:22  Hellbat x2  
  142  11:25  Viking  
  148  11:26  Factory Tech Lab, Viking  
  148  11:32  Command Center  
  150  11:37  Siege Tank  
  153  11:45  Siege Tank  
  153  11:46  Hellbat x2  
  160  11:47  Siege Tank  
  163  12:09  Siege Tank  
  164  12:16  Viking x2  
  164  12:17  Siege Tank  
  164  12:19  Siege Tank  
  174  12:24  Hellbat  
  176  12:41  Siege Tank  
  179  12:49  Siege Tank  
  178  12:51  Siege Tank  
  181  13:01  Viking x2  
  181  13:03  Hellbat  
  184  13:13  Siege Tank  
  181  13:20  Refinery  
  181  13:21  Siege Tank, Refinery  
  181  13:23  Siege Tank  
  187  13:31  Viking x2  
  191  13:37  Hellbat x2  
  191  13:39  Planetary Fortress  
  195  13:45  Siege Tank  
  195  13:47  SCV x2  
  200  13:56  Sensor Tower  
Show
View Real Time Build Order
Export as new Build Order

Sesh Terran 

Build Orders: 1/1/1, Cyclone Opening, MMM Bio 

Get SALT Encoding   

  12  0:00  SCV  
  13  0:13  SCV  
  14  0:17  Supply Depot  
  14  0:25  SCV  
  15  0:29  Refinery  
  15  0:39  SCV  
  16  0:44  Barracks  
  16  0:51  SCV  
  17  1:00  Refinery  
  17  1:03  SCV  
  18  1:15  SCV  
  19  1:31  Reaper  
  19  1:32  Orbital Command  
  20  1:37  Factory  
  20  1:45  Supply Depot  
  20  1:57  SCV  
  21  2:03  Reaper  
  22  2:09  SCV  
  23  2:22  Starport  
  25  2:23  Cyclone  
  25  2:27  SCV  
  27  2:32  Supply Depot  
  27  2:38  Barracks Tech Lab  
  27  2:42  SCV  
  28  2:55  Hellion  
  30  3:10  Cloaking Field, Banshee  
  33  3:13  Barracks Reactor  
  33  3:23  Command Center  
  33  3:28  Widow Mine  
  34  3:40  SCV  
  35  3:42  Supply Depot  
  35  3:50  Marine x2  
  37  3:59  Factory Tech Lab  
  37  4:00  Engineering Bay  
  37  4:04  Banshee  
  40  4:10  Marine x2  
  42  4:17  SCV  
  42  4:19  Siege Tank  
  43  4:30  SCV  
  44  4:32  Marine x2  
  44  4:36  Orbital Command  
  43  4:44  SCV  
  44  4:47  Banshee  
  45  4:53  Barracks  
  45  4:56  SCV  
  43  5:06  Stimpack  
  43  5:08  Factory Reactor, SCV  
  43  5:09  SCV  
  43  5:10  Barracks  
  45  5:18  Marine  
  45  5:20  SCV  
  47  5:21  SCV  
  48  5:29  Banshee  
  48  5:33  SCV x2  
  53  5:45  SCV  
  53  5:48  Command Center  
  54  5:50  SCV  
  54  5:55  Marine  
  56  5:57  SCV  
  56  6:02  SCV  
  58  6:04  Barracks  
  58  6:05  Barracks  
  58  6:09  SCV  
  59  6:14  SCV, Refinery  
  59  6:18  Marine x2  
  60  6:23  Supply Depot  
  60  6:24  Siege Tank, SCV  
  60  6:25  Engineering Bay  
  63  6:27  Starport Reactor, SCV  
  64  6:33  Terran Infantry Weapons Level 1  
  64  6:36  SCV  
  64  6:37  Refinery  
  64  6:39  SCV  
  66  6:44  Marine x4, Sensor Tower  
  66  6:46  Supply Depot  
  70  6:48  SCV  
  70  6:51  SCV  
  72  6:55  Terran Infantry Armor Level 1  
  72  7:00  Barracks Reactor x2, SCV  
  70  7:03  SCV  
  71  7:09  Marine  
  71  7:10  Marine x4  
  71  7:11  Medivac x2  
  71  7:13  SCV  
  81  7:16  SCV  
  81  7:22  Combat Shields  
  82  7:25  SCV  
  82  7:26  Supply Depot  
  82  7:27  Supply Depot  
  82  7:28  Orbital Command  
  82  7:29  Refinery  
  83  7:32  SCV, Marine x2  
  86  7:38  SCV  
  86  7:40  Marine x6  
  86  7:41  Marine  
  94  7:45  SCV  
  94  7:49  Medivac x2  
  94  7:50  Siege Tank  
  102  7:52  SCV  
  102  7:54  SCV  
  102  7:55  Marine  
  102  7:56  Marine  
  102  7:57  SCV  
  107  8:05  SCV  
  104  8:12  Marine x2  
  106  8:21  SCV, Marine x2  
  106  8:22  Marine x3  
  106  8:23  Marine  
  112  8:30  Marine x2  
  112  8:31  Siege Tank, Marine  
  112  8:33  SCV  
  117  8:38  Supply Depot  
  117  8:40  Supply Depot  
  117  8:41  Command Center  
  117  8:46  SCV  
  117  9:00  Medivac x2, SCV, Marine x3  
  117  9:02  SCV x2, Marine x4, Supply Depot x2  
  131  9:05  Armory  
  131  9:07  Marine x2  
  125  9:12  SCV  
  125  9:13  Supply Depot  
  125  9:14  SCV  
  125  9:16  Siege Tank, Refinery  
  129  9:17  Marine x3  
  132  9:25  Marine x2  
  132  9:31  Marine x4  
  134  9:35  Supply Depot  
  134  9:36  Marine x2  
  140  9:40  Marine  
  140  9:43  Marine  
  142  9:52  Marine x2  
  144  9:53  Sensor Tower  
  144  9:54  Marine x3  
  144  9:56  Terran Infantry Armor Level 2, Terran Infantry Weapons Level 2  
  144  9:58  Siege Tank  
  138  10:02  Marine x2  
  137  10:09  Marine  
  131  10:16  Marine  
  131  10:18  Marine  
  131  10:20  Marine x3  
  88  10:21  Medivac x2  
  110  10:22  Terran Vehicle Weapons Level 1, Marine x2  
  113  10:29  Marine  
  105  10:40  Marine  
  105  10:41  Marine x2  
  105  10:42  Marine  
  109  10:44  Marine  
  109  10:46  Marine x2  
  109  10:47  Siege Tank  
  115  10:50  Marine  
  115  10:52  Marine  
  116  10:58  Marine  
  116  10:59  Marine x2  
  116  11:00  Marine  
  116  11:02  Marine  
  115  11:04  Viking x2  
  115  11:07  Marine x2  
  115  11:08  Marine  
  122  11:11  Marine  
  122  11:16  Marine  
  122  11:17  Marine x2  
  122  11:18  Marine  
  123  11:22  Planetary Fortress  
  120  11:28  Marine  
  115  11:33  Marine x2  
  115  11:39  Marine  
  116  11:40  Marine x4  
  116  11:42  Marine  
  122  12:04  Marine x3  
  122  12:05  Siege Tank, Marine  
  129  12:10  Orbital Command  
  127  12:19  Marine x3  
  130  12:35  Marine x4  
  126  12:39  Marine  
  126  12:40  Refinery  
  126  12:41  Marine x2  
  128  12:49  Marine x2  
  125  12:51  Siege Tank  
  125  12:53  Marine  
  125  12:56  Marine x3  
  125  12:57  Marine  
  133  12:59  Marine x2  
  135  13:07  Marine x2  
  135  13:11  Marine  
  138  13:14  Marine x2  
  138  13:15  Marine x2  
  138  13:16  Marine  
  143  13:26  Marine x3  
  133  13:41  Orbital Command  
  133  13:53  Marine x4  
  133  13:54  Siege Tank  
  140  13:56  Marine  
  141  14:16  Marine x5  
Show
View Real Time Build Order
Export as new Build Order

Ohm Terran 

Build Orders: Cyclone Opening, MMM Bio 

Get SALT Encoding   

  12  0:01  SCV  
  13  0:13  SCV  
  14  0:18  Supply Depot  
  14  0:25  SCV  
  15  0:31  Refinery  
  15  0:40  SCV  
  16  0:46  Barracks  
  16  0:52  SCV  
  17  1:04  SCV  
  18  1:16  SCV  
  20  1:33  Reaper  
  20  1:34  Orbital Command  
  20  1:47  Command Center  
  20  2:00  SCV  
  21  2:08  Factory, Reaper  
  22  2:15  SCV  
  23  2:18  Supply Depot  
  23  2:19  Refinery  
  23  2:40  SCV  
  25  2:49  Barracks Reactor  
  24  2:52  SCV  
  24  2:54  Cyclone  
  28  3:00  Orbital Command  
  27  3:11  SCV  
  28  3:23  SCV, Command Center  
  28  3:26  Marine  
  30  3:33  Starport  
  29  3:37  SCV x2  
  31  3:42  Factory Tech Lab  
  31  3:49  SCV x2  
  31  3:50  Engineering Bay  
  31  3:52  Marine x2  
  35  3:56  Supply Depot  
  35  4:01  SCV x2  
  35  4:10  Siege Tank, Marine x2  
  35  4:15  Medivac  
  35  4:27  Marine x2  
  35  4:28  SCV x2  
  32  4:40  SCV x2  
  32  4:45  Marine x2  
  25  4:53  Siege Tank  
  25  4:54  SCV x2  
  29  5:03  Marine x2  
  29  5:06  SCV x2  
  30  5:18  SCV x2  
  31  5:24  Marine x2  
  31  5:25  Command Center  
  33  5:32  SCV x2  
  35  5:45  Marine x2  
  35  5:48  SCV x2  
  39  6:00  SCV x2  
  41  6:12  SCV, Barracks  
  41  6:13  SCV, Barracks  
  41  6:15  Starport Reactor  
  41  6:16  Stimpack  
  43  6:24  SCV  
  43  6:25  SCV  
  45  6:30  Marine  
  46  6:35  Factory Tech Lab  
  46  6:37  SCV x2  
  46  6:38  Orbital Command  
  48  6:48  Marine  
  48  6:49  SCV x2  
  51  7:01  SCV x2, Marine x2  
  54  7:02  Starport Reactor, Siege Tank  
  54  7:06  Marine x2  
  54  7:07  Marine  
  61  7:09  SCV  
  61  7:13  SCV x2  
  64  7:16  Refinery x2  
  64  7:17  Terran Infantry Weapons Level 1  
  64  7:22  SCV  
  65  7:24  Barracks x2  
  65  7:26  Marine x2  
  65  7:27  Marine x2  
  69  7:36  Marine, Supply Depot  
  69  7:37  SCV x2  
  72  7:38  Orbital Command  
  72  7:42  Supply Depot  
  72  7:49  SCV x2, Marine x3  
  77  7:57  Marine x2  
  77  7:58  Medivac x2  
  83  8:01  SCV  
  79  8:18  Marine x5  
  75  8:36  Marine  
  75  8:38  Marine x3  
  72  8:50  Marine  
  72  8:53  SCV x2, Marine  
  76  8:58  Combat Shields  
  74  9:10  Marine x4  
  74  9:15  Marine x2  
  68  9:25  Marine  
  68  9:28  Marine x2  
  71  9:34  SCV x2  
  71  9:35  Command Center  
  73  9:38  Refinery  
  73  9:39  Refinery  
  73  9:41  Barracks Reactor x2  
  73  9:42  Marine x3  
  76  9:45  Marine  
  76  9:46  SCV  
  78  9:56  Marine  
  78  10:01  Orbital Command  
  78  10:22  Supply Depot  
  78  10:26  Marine  
  78  10:27  Marine  
  78  10:28  Marine x2  
  78  10:29  Siege Tank, Marine  
  70  10:39  Orbital Command  
  65  10:47  Marine x6  
  70  10:51  Orbital Command  
  70  11:02  Medivac  
  66  11:33  Marine  
  66  11:34  Marine x6  
  73  11:43  SCV x2  
  75  11:50  Siege Tank  
  75  11:51  Marine  
  78  12:04  Supply Depot x2  
  78  12:05  Supply Depot  
  78  12:23  Marine x7  
  78  12:24  SCV  
  78  12:26  SCV  
  78  12:29  Siege Tank, Medivac x2  
  94  12:36  SCV  
  95  12:38  SCV  
  95  12:41  Marine x3  
  99  12:45  Supply Depot  
  98  13:04  Marine x7  
  90  13:21  Siege Tank  
  90  13:22  Marine x7  
  77  13:40  Marine x7  
  84  13:41  SCV x2  
  86  13:57  Marine  
  86  13:58  Marine  
  88  14:09  Orbital Command  
  88  14:16  Marine x7  
Tags
 
Add a new tag
Caveats
  • Supply blocks, unpowered buildings, or Contaminate may cause inaccurate times.
  • Supply counts are checked every 10 seconds.